 Dungeon Crawl Stone Soup version 0.27.1-33-g824d729ab1 (webtiles) character file.

Game seed: 15624543348422805687

101 raph the Slasher (level 4, -4/39 HPs)
             Began as a Minotaur Monk on Dec 29, 2021.
             Slain by an iguana (8 damage)
             ... on level 2 of the Dungeon.
             The game lasted 00:02:50 (2801 turns).

raph the Slasher (Minotaur Monk)                    Turns: 2801, Time: 00:02:50

Health: -4/39      AC:  8    Str: 16    XL:     4   Next: 48%
Magic:  3/3        EV:  7    Int:  7    God:
Gold:   21         SH:  0    Dex: 13    Spells: 3/3 levels left

rFire    . . .     SeeInvis .   a - +0 falchion
rCold    . . .     Faith    .   (no shield)
rNeg     . . .     Spirit   .   i - +0 chain mail
rPois    .         Reflect  .   (helmet restricted)
rElec    .         Harm     .   (no cloak)
rCorr    .         Rampage  .   (no gloves)
Will     .....                  (no boots)
Stlth    ..........             (no amulet)
HPRegen  0.13/turn              (no ring)
MPRegen  0.08/turn              (no ring)

@: confused, ambrosia-drunk
A: horns 2, retaliatory headbutt
a: no special abilities


You were on level 2 of the Dungeon.
You visited 1 branch of the dungeon, and saw 3 of its levels.

You collected 21 gold pieces.

Inventory:

Hand Weapons
 a - a +0 falchion (weapon)
Missiles
 f - 17 poisoned darts (quivered)
Armour
 b - a +0 robe
 e - a +0 scale mail
 i - a +0 chain mail (worn)
Jewellery
 g - a ring of ice
Wands
 h - a wand of polymorph (8)
Scrolls
 d - a scroll of amnesia
 k - a scroll of identify
Potions
 j - a potion of haste {unknown}
 l - a potion of flight {unknown}


   Skills:
 - Level 3.6 Fighting
 + Level 6.4 Long Blades
 - Level 3.2 Dodging
 - Level 1.5 Stealth


You had 3 spell levels left.
You didn't know any spells.
Your spell library was empty.

Dungeon Overview and Level Annotations

Branches:
Dungeon (3/15)

Altars:
Ru


Innate Abilities, Weirdness & Mutations

You have a pair of horns on your head.
You reflexively headbutt those who attack you in melee.


Message History

Throw: 18 darts (poison)
Press: ? - help, Q - select action, (/) - cycle Shift-Dir - straight line, f/p - iguana
Aim: an iguana (61% to hit)
You throw a poisoned dart. The poisoned dart hits the rat.
You hit the iguana but do no damage. The rat bites you but does no damage.
The iguana bites you! The rat bites you but does no damage.
There is a stone staircase leading up here.
The iguana closely misses you. The rat bites you but does no damage.
You climb upwards.
There is a stone staircase leading down here.
You closely miss the rat.
The rat is moderately wounded.
The iguana bites you!
You hit the rat.
You kill the rat!
The iguana bites you.
You hit the iguana.
You headbutt the iguana, but do no damage.
The iguana is lightly wounded.
The iguana bites you!
* * * LOW HITPOINT WARNING * * *
You are too injured to fight recklessly!
You are too injured to fight recklessly!
You are too injured to fight recklessly!
You are too injured to fight recklessly!
You are too injured to fight recklessly!
You closely miss the iguana.
The iguana is lightly wounded.
The iguana bites you but does no damage.
You hit the iguana.
The iguana is moderately wounded.
The iguana completely misses you.
You closely miss the iguana. Your headbutt misses the iguana.
The iguana is moderately wounded.
The iguana bites you!
* * * LOW HITPOINT WARNING * * *
You are confused.
You feel invigorated. The iguana bites you!
You die...

.#############.._...#
.###.........#......###
..........#...........#
####.####.#..##..##.###
# #....#...........# #
################## ♣ ♣♣
♣♣♣♣ ############ .♣♣
♣♣†@♣ #<.........# ..♣
♣♣♣♣.l♣♣ #.########.#
.♣♣ ♣♣♣♣...♣♣♣ #.# #.#
♣.♣♣ ♣♣...♣♣♣♣ #.# #.#
♣♣.♣♣♣♣.♣♣♣♣ #.# #.#
♣..♣♣...♣ #.# #.#
♣♣....♣♣♣ #.########.#
♣♣♣.♣♣ ♣♣♣♣♣
#.#........# ♣.♣♣♣
♣♣...♣♣ #.#.########


You could see an iguana.

Vanquished Creatures
  An iguana (D:2)
  Terence (D:2)
  An adder (D:2)
  A dart slug (D:1)
  4 bats
  6 endoplasms
  A giant cockroach (D:1)
  6 goblins
  3 hobgoblins
  A quokka (D:1)
  3 ball pythons (D:1)
  2 frilled lizards
  6 kobolds
  3 rats (D:2)
39 creatures vanquished.

Notes
Turn   | Place    | Note
-------+----------+-------------------------------------------
     0 | D:1      | raph the Minotaur Monk began the quest for the Orb.
     0 | D:1      | Reached XP level 1. HP: 19/19 MP: 0/0
    59 | D:1      | Reached skill level 4 in Long Blades
   522 | D:1      | Reached XP level 2. HP: 26/26 MP: 1/1
   698 | D:1      | Reached skill level 5 in Long Blades
  1216 | D:2      | Reached XP level 3. HP: 31/31 MP: 2/2
  1752 | D:2      | Reached XP level 4. HP: 39/39 MP: 3/3
  1869 | D:2      | Noticed Terence
  1887 | D:2      | Killed Terence
  1888 | D:2      | Reached skill level 6 in Long Blades
  1946 | D:2      | Found a faded altar of an unknown god.
  2315 | D:2      | Found a sacrificial altar of Ru.
  2800 | D:2      | HP: 1/39 [iguana (9)]
  2801 | D:2      | Slain by an iguana

Illustrated notes

Levels and vault maps discovered:
D:1:      ncdulo_halloftheorcs, layout_basic
D:2:      kb_forest_paths, layout_basic, ebering_ecumenical_altar_box,
          basic_altar, uniq_terence
D:3:      layout_basic, mainiacjoe_overflow_alcove_1, uniq_ijyb, uniq_robin

Skill      XL: |  1  2  3  4 |
---------------+-------------+-----
Long Blades    | 4 5 6 |  6.4
Fighting       | |  3.6
Dodging        | |  3.2
Stealth        | |  1.5

Action                   |  1- 3 |  4- 6 || total
-------------------------+-------+-------++-------
Melee: Falchion          |    61 |    15 ||    76
       Headbutt          |    13 |     3 ||    16
Throw: Dart              |       |     7 ||     7
  Use: Scroll            |     5 |       ||     5
       Potion            |       |     1 ||     1
Armor: Robe              |     3 |       ||     3
       Scale mail        |    13 |       ||    13
       Chain mail        |       |     5 ||     5
Dodge: Dodged            |    26 |     8 ||    34
       Rpst.: Falchion   |     4 |     3 ||     7
